 Dungeon Crawl Stone Soup version 0.18-a0-1390-gc02854d (webtiles) character file.

72 dvd the Sneak (level 4, 0/40 HPs)
             Began as an Octopode Ice Elementalist on Feb 23, 2016.
             Slain by an orc
             ... wielding a +0 trident
              (4 damage)
             ... on level 4 of the Dungeon.
             The game lasted 00:07:33 (2092 turns).

dvd the Sneak (Octopode Ice Elementalist)           Turns: 2092, Time: 00:07:33

Health: 0/40       AC: 22    Str:  6 (7)  XL:     4   Next: 25%
Magic:  0/7        EV:  2    Int: 15 (17) God:
Gold:   76         SH:  0    Dex: 17 (18) Spells: 3 memorised, 1 level left

rFire  . . .     SeeInvis .     j - +1 short sword (speed)
rCold  . . .     Gourm    .     (no shield)
rNeg   + + +     Faith    .     (helmet currently unavailable)
rPois  +         Spirit   .     (no amulet)
rElec  .         Dismiss  .     m - +5 ring of evasion
rCorr  .         Reflect  .     (no ring)
SustAt .         Harm     .     (no ring)
MR     .....     NoTele   +     (no ring)
Stlth  +++++.....               (no ring)
                                (no ring)
                                (no ring)
                                (no ring)

@: agile, tree-form, very slightly contaminated, hasted, very quick, not
resistant to hostile enchantments, quite stealthy
A: almost no armour, amphibious, 8 rings, (constrict 8), (camouflage 0),
(gelatinous body 0)
a: no special abilities


You were on level 4 of the Dungeon.
You were very hungry.
You were a tree.
You visited 1 branch of the dungeon, and saw 4 of its levels.

You collected 76 gold pieces.

Inventory:

Hand Weapons
 j - a +1 short sword of speed (weapon)
Jewellery
 m - a +5 ring of evasion (left branch)
Scrolls
 d - 4 scrolls of remove curse {unknown}
 e - 4 scrolls of identify {unknown}
 h - a scroll of random uselessness {unknown}
 i - 4 scrolls of teleportation {unknown}
 p - a scroll of enchant armour {unknown}
Potions
 g - a potion of agility
Books
 a - a book of Frost

   Spells                             Type                      Level
   a - Freeze                         Ice                          1
   b - Throw Frost                    Conjuration/Ice              2
   c - Ozocubu's Armour               Charms/Ice                   3
   d - Throw Icicle                   Conjuration/Ice              4
   e - Summon Ice Beast               Ice/Summoning                4
Comestibles
 b - 3 bread rations
 c - 2 meat rations
 l - a beef jerky


   Skills:
 + Level 0.8 Fighting
 + Level 2.4 Dodging
 + Level 3.8 Stealth
 + Level 2.3 Spellcasting
 + Level 1.2 Conjurations
 + Level 3.7 Ice Magic


You had one spell level left.
You knew the following spells:

 Your Spells              Type           Power        Failure   Level  Hunger
a - Freeze                Ice            ##..         6%          1    #......
b - Throw Frost           Conj/Ice       #.....       12%         2    ###....
c - Ozocubu's Armour      Chrm/Ice       #.......     34%         3    ###....


Dungeon Overview and Level Annotations

Branches:
Dungeon (4/15)
 Temple: D:4-7

Altars:

Annotations:
D:3 Sigmund


Innate Abilities, Weirdness & Mutations

You cannot wear most types of armour.
You are amphibious.
You can wear up to eight rings at the same time.
((You can use your tentacles to constrict eight enemies at once.))
((Your skin changes colour to match your surroundings (Stealth).))
((Your rubbery body absorbs attacks (AC +1).))


Message History

Casting: Throw Frost
Confirm with . or Enter, or press ? or * to list all spells.
Aiming: Throw Frost
Press: ? - help, Shift-Dir - straight line, f/p - orc
Aim: an orc, wielding a trident You miscast Throw Frost.
You feel a strange surge of energy!
You are feeling very hungry.
The orc hits you but does no damage.
Unknown command.
Casting: Throw Frost
Confirm with . or Enter, or press ? or * to list all spells.
Okay, then.
Unknown command.
The orc hits you but does no damage. The orc hits you but does no damage.
The orc hits you but does no damage.
The orc hits you from afar with a trident.
* * * LOW HITPOINT WARNING * * *
The orc hits you from afar with a trident.
You die...

##+##
##...##
##.....##
##.......##
#...o[♣...#
+.....[...+
#.........#
##.......##
##.....##
##...##
##+##


You could see an orc.

Vanquished Creatures
  2 adders (D:2)
  An ooze (D:2)
  A worm (D:2)
  A dart slug (D:1)
  3 giant geckos
  2 orcs (D:4)
  5 bats
  A giant cockroach (D:1)
  7 goblins
  A hobgoblin (D:1)
  4 jackals (D:2)
  6 kobolds
  3 rats
37 creatures vanquished.

Notes
Turn   | Place    | Note
--------------------------------------------------------------
     0 | D:1      | dvd the Octopode Ice Elementalist began the quest for the Orb.
     0 | D:1      | Reached XP level 1. HP: 11/11 MP: 3/3
   460 | D:1      | Reached XP level 2. HP: 15/17 MP: 3/5
   464 | D:1      | Learned a level 2 spell: Throw Frost
   919 | D:2      | Reached XP level 3. HP: 17/21 MP: 4/6
  1675 | D:2      | Reached XP level 4. HP: 23/27 MP: 2/7
  1947 | D:2      | Learned a level 3 spell: Ozocubu's Armour
  1994 | D:3      | Noticed Sigmund
  2092 | D:4      | Slain by an orc

Vault maps used:
D:1:      minmay_arrival_stair_chambers
D:2:      first_bread, kennysheep_generic_room_14
D:3:      uniq_sigmund
D:4:      fedhas_altar_2

Skill      XL: |  1  2 |
---------------+-------+-----
Stealth        | 3 |  3.8
Fighting       | |  0.8
Dodging        | |  2.4
Spellcasting   | |  2.3
Conjurations   | |  1.2
Ice Magic      | |  3.7

Action                   |  1- 3 |  4- 6 || total
-------------------------+-------+-------++-------
Melee: Unarmed           |     4 |       ||     4
       Short sword       |    29 |    25 ||    54
 Cast: Freeze            |    16 |     3 ||    19
       Throw Frost       |     8 |     2 ||    10
       Ozocubu's Armour  |       |     2 ||     2
  Use: Potion            |       |     4 ||     4
 Stab: Sleeping          |     6 |     2 ||     8
       Distracted        |     1 |       ||     1
  Eat: Chunk             |     3 |     1 ||     4
